 Dungeon Crawl Stone Soup version 0.28-a0-1429-gf3d713df7a (webtiles) character file.

Game seed: 6867972139704042671

10 HallandMoats the Skirmisher (level 2, 26/26 HPs)
             Began as a Ghoul Fighter on Jan 8, 2022.
             Was a High Priest of Ignis.
             Safely got out of the dungeon.
             The game lasted 00:00:36 (638 turns).

HallandMoats the Skirmisher (Ghoul Fighter)          Turns: 638, Time: 00:00:36

Health: 26/26      AC:  6    Str: 19    XL:     2   Next: 20%
Magic:  1/1        EV:  9    Int:  3    God:    Ignis [*****.]
Gold:   30         SH:  4    Dex:  8    Spells: 1/1 levels left

rFire   + . .      SeeInvis .   a - +0 flail
rCold   + . .      Faith    .   c - +0 buckler
rNeg    + + +      Spirit   .   b - +0 scale mail
rPois   ∞          Reflect  .   (no helmet)
rElec   .          Harm     .   (no cloak)
rCorr   .          Rampage  .   (no gloves)
Will    .....                   (no boots)
Stlth   ..........              (no amulet)
HPRegen 0.08/turn               (no ring)
MPRegen 0.07/turn               (no ring)

@: no status effects
A: claws 1, cold resistance 1, negative energy resistance 3, inhibited
regeneration, torment resistance 2
a: Renounce Religion, Fiery Armour, Foxfire Swarm, Rising Flame


You escaped.
You worshipped Ignis.
Ignis was extremely pleased with you.
You visited 1 branch of the dungeon, and saw 1 of its levels.

You collected 30 gold pieces.

Inventory:

Hand Weapons
 a - a +0 flail (weapon)
Armour
 b - a +0 scale mail (worn)
 c - a +0 buckler (worn)
Scrolls
 g - 2 scrolls of vulnerability {unknown}
 h - 4 scrolls of identify {unknown}
Potions
 d - a potion of might
 e - a potion of flight {unknown}
 f - a potion of ambrosia {unknown}


   Skills:
 + Level 3.4 Fighting
 + Level 1.9 Maces & Flails
 + Level 2.7 Armour
 + Level 0.3 Dodging
 * Level 2.9 Shields


You had one spell level left.
You didn't know any spells.
Your spell library was empty.

Dungeon Overview and Level Annotations

Branches:
Dungeon (1/15)

Altars:
Ignis


Innate Abilities, Weirdness & Mutations

You thrive by killing the living.
You are immune to poison.
You have sharp fingernails.
Your flesh is cold resistant. (rC+)
You are immune to negative energy. (rN+++)
You do not regenerate when monsters are visible.
You are immune to unholy pain and torment.


Message History

g - 2 scrolls labelled IZXO TICVAZE (gained 1)
There is a stone staircase leading down here.
You now have 30 gold pieces (gained 11).
Found a mace.
No target in view!
Found a dagger.
No target in view!
Found 15 stones.
No target in view!
You see here a +0 dagger.
You see here 15 stones.
You see here 15 stones.
Key pressed, stopping explore.
No target in view!
Found 19 arrows.
No target in view!
You see here 19 arrows.
You see here a +0 dagger.
Found a faded altar of an unknown god.
No target in view!
h - 4 scrolls labelled GUSI WEPNIXT (gained 1) Done exploring.
No target in view!
Done exploring.
No target in view!
Done exploring.
No target in view!
Done exploring.
No target in view!
Done exploring.
There is a faded altar of an unknown god here.
You cannot tell which god this altar belongs to.
Convert to them anyway?
Ignis accepts your prayer! Ignis welcomes you!
You see here a +0 dagger.
You open the door.
There is an open door here.
There is a staircase leading out of the dungeon here.
Are you sure you want to leave the Dungeon?
This will make you lose the game!
You have escaped!

#### #... #... ################
#########.).
...............#######.....(.....
################≈≈≈≈≈##'#..###...
.##########.###........8###......
..##........##..@.........+.##...
.....##########........8#######..
...### ###≈≈≈≈≈##'#..####..
...###########.########.........[
........##..............#######..
.#.........###.##.###.### #..
...#####..####.##.# #..# ### ####
##......##)# ##.# # ##..#####.#
#.## #


There were no monsters in sight!

Vanquished Creatures
  An endoplasm (D:1)
  2 giant cockroaches (D:1)
  A goblin (D:1)
  2 kobolds (D:1)
  3 bats (D:1)
9 creatures vanquished.

Notes
Turn   | Place    | Note
-------+----------+-------------------------------------------
     0 | D:1      | HallandMoats the Ghoul Fighter began the quest for the Orb.
     0 | D:1      | Reached XP level 1. HP: 19/19 MP: 0/0
   170 | D:1      | Reached XP level 2. HP: 26/26 MP: 1/1
   577 | D:1      | Found a faded altar of an unknown god.
   584 | D:1      | Prayed at the altar of an unknown god.
   584 | D:1      | Became a worshipper of Ignis, the Dying Flame
   638 | D:$      | Safely got out of the dungeon.

Illustrated notes

Levels and vault maps discovered:
D:1:      wander_arrival_chamber, layout_rooms, shapermc_ecumenical_altar_petra

Action                   || total
-------------------------++-------
Melee: Flail             ||    28
Armor: Scale mail        ||    12
Dodge: Dodged            ||    16
Block: Buckler           ||     4

Table legend: (Time is in decaauts)
 A = Elapsed time spent in this place.
 B = Non-inter-level travel time spent in this place.
 C = Inter-level travel time spent in this place.
 D = Time resting spent in this place.
 E = Time spent auto-exploring this place.
 F = Levels seen in this place.
 G = Mean time per level.
                   A        B        C        D        E       F      G
               +--------+--------+--------+--------+--------+-----+--------+
         Total |    648 |    596 |     52 |      0 |    512 |   1 |  648.0 |
       Dungeon |    648 |    596 |     52 |      0 |    512 |   1 |  648.0 |
               +--------+--------+--------+--------+--------+-----+--------+

Top non-repeatable levels by time:
     D:1: 648 daAuts
